 Dungeon Crawl Stone Soup version 0.26.1 (webtiles) character file.

Game seed: 7914646964891499901

3476 pokeman the Thaumaturge (level 9, 0/51 HPs)
             Began as a Deep Elf Hedge Wizard on Feb 7, 2021.
             Was a Follower of Vehumet.
             Slain by a bullfrog zombie (4 damage)
             ... on level 9 of the Dungeon.
             The game lasted 00:27:39 (11179 turns).

pokeman the Thaumaturge (Deep Elf Hedge Wizard)    Turns: 11179, Time: 00:27:39

Health: 0/51       AC:  6    Str: 10    XL:     9   Next: 79%
Magic:  23/36      EV: 13    Int: 23    God:    Vehumet [*.....]
Gold:   388        SH:  5    Dex: 14    Spells: 20/32 levels left

rFire    . . .     SeeInvis .   F - +9 trident of Uruuhif {vorpal, Str+3 Stlth+}
rCold    . . .     Faith    .   (no shield)
rNeg     . . .     Spirit   .   w - +0 leather armour
rPois    +         Reflect  +   c - +0 hat
rElec    .         Harm     .   J - +0 cloak
rCorr    .         Rampage  .   I - +0 pair of gloves
Will     .....                  z - +0 pair of boots
Stlth    +++.......             b - amulet of reflection
HPRegen  0.17/turn              v - ring of magical power
MPRegen  0.25/turn              H - ring of poison resistance

@: lethally poisoned (0 -> -1)
A: no striking features
a: Renounce Religion


You were on level 9 of the Dungeon.
You worshipped Vehumet.
Vehumet was aware of your devotion.
You visited 2 branches of the dungeon, and saw 10 of its levels.
You also visited: Ossuary.

You collected 388 gold pieces.

Inventory:

Hand Weapons
 A - a +2 dagger of venom
 F - the +9 trident of Uruuhif (weapon) {vorpal, Str+3 Stlth+}
   (You took it off an orc on level 7 of the Dungeon)

   It inflicts extra damage upon your enemies.
   It affects your strength (+3).
   It makes you more stealthy.
Missiles
 d - 59 arrows
Armour
 c - a +0 hat (worn)
 e - +0 swamp dragon scales
 w - a +0 leather armour (worn)
 z - a +0 pair of boots (worn)
 I - a +0 pair of gloves (worn)
 J - a +0 cloak (worn)
Jewellery
 b - an amulet of reflection (around neck)
 v - a ring of magical power (left hand)
 H - a ring of poison resistance (right hand)
Wands
 a - a wand of iceblast (12)
Scrolls
 h - a scroll of fear
 j - 5 scrolls of teleportation
 m - 2 scrolls of magic mapping
 n - a scroll of blinking {unknown}
 r - 4 scrolls of noise {unknown}
 s - 5 scrolls of remove curse
 t - a scroll of amnesia {unknown}
 y - 5 scrolls of enchant armour {unknown}
 E - 2 scrolls of random uselessness {unknown}
 G - 2 scrolls of enchant weapon {unknown}
Potions
 f - 3 potions of ambrosia
 g - 8 potions of curing
 i - 5 potions of attraction
 k - 3 potions of might
 l - a potion of resistance
 o - a potion of magic {unknown}
 p - 2 potions of invisibility {unknown}
 q - 5 potions of heal wounds {unknown}
 u - 4 potions of degeneration {unknown}
 x - a potion of lignification {unknown}
 B - 3 potions of cancellation {unknown}
 C - a potion of haste {unknown}
 D - 5 potions of flight {unknown}


   Skills:
 + Level 3.6 Fighting
 - Level 3.0 Armour
 - Level 3.0 Dodging
 - Level 3.0 Stealth
 * Level 12.1 Spellcasting
 + Level 6.9 Conjurations
 - Level 1.1 Summonings
 - Level 1.1 Translocations
 + Level 5.9 Fire Magic
 - Level 1.0 Air Magic
 - Level 1.0 Poison Magic
 - Level 1.0 Evocations


You had 20 spell levels left.
You knew the following spells:

 Your Spells              Type           Power        Failure   Level
a - Magic Dart            Conj           100%         1%          1
b - Mephitic Cloud        Conj/Pois/Air  27%          5%          3
c - Call Imp              Summ           19%          6%          2
d - Blink                 Tloc           N/A          6%          2
e - Conjure Flame         Conj/Fire      43%          1%          3
f - Apportation           Tloc           38%          3%          1

Your spell library contained the following spells:

 Spells                   Type           Power        Failure   Level
 Foxfire                  Conj/Fire      100%         1%          1
 Summon Small Mammal      Summ           76%          3%          1
 Animate Skeleton         Necr           26%          6%          1
 Corona                   Hex            14%          6%          1
 Freeze                   Ice            52%          6%          1
 Slow                     Hex            13%          9%          2
 Hailstorm                Conj/Ice       29%          14%         4
 Frozen Ramparts          Ice            26%          19%         3
 Ozocubu's Armour         Ice            13%          19%         3
 Summon Ice Beast         Ice/Summ       16%          43%         4


Dungeon Overview and Level Annotations

Branches:
Dungeon (9/15)             Temple (1/1) D:7             Orc (0/2) D:9
Ossuary (visited)
   Lair: D:8-11

Altars:
Ashenzari
Cheibriados
Hepliaklqana
Qazlal
Sif Muna
Uskayaw
Vehumet
Yredelemnul
Zin


Message History

Confirm with . or Enter, or press ? or * to list all spells.
Aiming: Magic Dart (safe; 1% risk of failure)
Press: ? - help, Shift-Dir - straight line, f - goblin
Aim: a goblin, wielding a +0 spear (0% to evade)
The magic dart hits the goblin.
The goblin is severely wounded.
The bullfrog zombie barely misses you. You block the goblin's attack.
The bullfrog zombie hits you but does no damage.
Casting: Magic Dart (safe; 1% risk of failure)
Confirm with . or Enter, or press ? or * to list all spells.
Aiming: Magic Dart (safe; 1% risk of failure)
Press: ? - help, Shift-Dir - straight line, f/p - goblin
Aim: a goblin, wielding a +0 spear (severely wounded, 0% to evade)
The magic dart hits the goblin.
You kill the goblin!
Vehumet accepts your kill. Something hits you.
* * * LOW HITPOINT WARNING * * *
The bullfrog zombie hits you.
You die...

************* *.....,,,,,,*
**********....,,KK.K,*
*,,,,,,,,,..≈≈≈≈≈≈KK.#
*,********#.≈#####≈..# *,,**
#.Z#...#≈K.#######
******,,,******#K≈).∩,#≈...,.....
,,,,,,,,,,,,,,,#)≈#,,,#≈.####....
,,,,,,,,,,**,,,#@≈#####≈K..#.....
,,,,,,,,,****,,#{Z≈o≈≈≈≈.(.#...#.
,,,,,,,,,+,,**,#......)..........
,,,,,,,,,+,,**,####.##...#.......
,,*+++*,,****,,* #...o.##..#<...
,**,,,**,,**,,,* ###...#...##...
,**,,,**,,,,,,,* #...##..#*...
,**,,,**,,,,,,,* *#...###..,Z..
,,*****,,,,,,,,* *.....##......


You could see an orc (confused), an adder zombie, a bullfrog zombie and a
kobold.

Vanquished Creatures
  Joseph (D:8)
  2 orc warriors (D:7)
  2 ice beasts
  A sky beast (D:6)
  5 ogres
  A phantom (D:4)
  A big kobold (D:8)
  4 bullfrogs
  2 scorpions (D:4)
  6 electric eels
  2 howler monkeys
  A quasit (D:5)
  2 centaur zombies (D:6)
  2 hounds
  A human zombie (Ossuary)
  A bullfrog zombie (D:8)
  9 orc priests
  5 orc wizards
  Jessica (D:2)
  2 bullfrog skeletons (D:5)
  An iguana (D:6)
  3 worker ants
  A big kobold zombie (Ossuary)
  5 mummies
  3 gnolls (D:2)
  12 adders
  2 shadow imps
  2 white imps
  A worker ant simulacrum (D:8)
  An ufetubus (D:6)
  An ooze (D:4)
  2 adder zombies (Ossuary)
  3 worms
  A dart slug (D:2)
  4 leopard geckos
  30 orcs
  A ball python (D:2)
  9 bats
  3 giant cockroaches
  8 goblins
  12 hobgoblins
  9 jackals
  6 kobolds
  2 quokkas
  3 frilled lizards (D:1)
  A goblin zombie (Ossuary)
  2 hobgoblin zombies
  2 kobold zombies
  4 orc zombies
  A quokka zombie (D:5)
  6 rats
  2 rat zombies
194 creatures vanquished.

Vanquished Creatures (collateral kills)
  Maggie (D:8)
  An iguana (D:4)
  A big kobold zombie (Ossuary)
  An orc (D:8)
  A gnoll zombie (Ossuary)
5 creatures vanquished.

Vanquished Creatures (others)
  An electric eel (D:8)
  An adder (D:8)
  A kobold (D:9)
  A plant (D:7)
4 creatures vanquished.

Grand Total: 203 creatures vanquished

Notes
Turn   | Place    | Note
-------+----------+-------------------------------------------
     0 | D:1      | pokeman the Deep Elf Hedge Wizard began the quest for the
                  | Orb.
     0 | D:1      | Reached XP level 1. HP: 10/10 MP: 7/7
   444 | D:1      | Reached XP level 2. HP: 16/16 MP: 6/9
   980 | D:1      | Reached skill level 5 in Spellcasting
  1238 | D:2      | Reached XP level 3. HP: 18/20 MP: 3/11
  1242 | D:2      | Learned a level 3 spell: Mephitic Cloud
  1245 | D:2      | Learned a level 2 spell: Call Imp
  1248 | D:2      | Learned a level 2 spell: Blink
  1252 | D:2      | Learned a level 3 spell: Conjure Flame
  1706 | D:2      | You fall into a shaft and drop 1 floor!
  2148 | D:2      | Noticed Jessica
  2154 | D:2      | Killed Jessica
  2155 | D:2      | Reached skill level 1 in Fighting
  2155 | D:2      | Reached skill level 1 in Armour
  2155 | D:2      | Reached XP level 4. HP: 25/25 MP: 5/13
  2225 | D:2      | Learned a level 1 spell: Apportation
  2653 | D:2      | You fall into a shaft and drop 2 floors!
  2907 | D:2      | Reached skill level 1 in Fire Magic
  3286 | D:2      | Reached skill level 6 in Spellcasting
  3286 | D:2      | Reached XP level 5. HP: 29/29 MP: 10/15
  4336 | D:4      | Reached skill level 1 in Air Magic
  4454 | D:4      | Noticed a phantom
  4472 | D:4      | Killed a phantom
  4473 | D:4      | Reached XP level 6. HP: 19/34 MP: 9/17
  4859 | D:4      | Reached skill level 1 in Poison Magic
  4868 | D:4      | Reached skill level 7 in Spellcasting
  4921 | D:4      | Reached skill level 1 in Evocations
  5259 | D:4      | Reached XP level 7. HP: 33/39 MP: 20/20
  5579 | D:4      | You fall into a shaft and drop 3 floors!
  5599 | D:7      | Reached skill level 8 in Spellcasting
  5903 | D:5      | Entered Level 5 of the Dungeon
  5908 | D:5      | Found a sand-covered staircase.
  5915 | Ossuary  | Entered an ossuary
  6480 | D:5      | Reached XP level 8. HP: 44/44 MP: 22/22
  6524 | D:5      | Reached skill level 9 in Spellcasting
  6797 | D:5      | Found a broken altar of Ashenzari.
  7047 | D:4      | Reached skill level 5 in Conjurations
  7289 | D:4      | Found a glowing silver altar of Zin.
  7572 | D:4      | Reached skill level 10 in Spellcasting
  8306 | D:6      | Reached XP level 9. HP: 39/48 MP: 24/25
  8671 | D:7      | Identified the +9 trident of Uruuhif {vorpal, Str+3 Stlth+}
  8808 | D:7      | Found a staircase to the Ecumenical Temple.
  8817 | Temple   | Entered the Ecumenical Temple
  8854 | Temple   | Became a worshipper of Vehumet
  9584 | D:8      | Reached skill level 11 in Spellcasting
  9585 | D:8      | Reached skill level 5 in Fire Magic
  9589 | D:8      | Noticed Maggie
  9634 | D:8      | Killed Maggie
 10504 | D:8      | Noticed Joseph
 10528 | D:8      | Killed Joseph
 10529 | D:8      | Reached skill level 12 in Spellcasting
 11167 | D:9      | Reached * piety under Vehumet
 11167 | D:9      | Offered knowledge of Foxfire by Vehumet.
 11179 | D:9      | Slain by a bullfrog zombie

Illustrated notes

Levels and vault maps discovered:
D:1:      minmay_arrival_four_houses, layout_loops_cross
D:2:      layout_loops_ring, uniq_jessica
D:3:      layout_basic
D:4:      layout_basic, old_standard_altar, minmay_mini_ossuary
D:5:      layout_rooms, enter_ossuary_4, nicolae_ashenzari_panopticon
D:6:      layout_cave_pools
D:7:      layout_loops_ring, minmay_temple_entry_overgrown,
          grunt_decor_arrowhead, lightli_minifort
D:8:      layout_basic, serial_ice, serial_ice_i, serial_ice_o, serial_ice_h,
          serial_ice_g, uniq_maggie, uniq_joseph
D:9:      minmay_chambers_of_sevens, layout_cave_pools, enter_bailey_3,
          serial_gnoll_camp, grums_kennel, gnoll_camp_mini_doghouse,
          gnoll_camp_mini_loothouse, gnoll_camp_mini_hut, gnoll_camp_mini_shop,
          gnoll_camp_mini_house
Temple:   minmay_crystal_snake_temple

Skill      XL: |  1  2  3  4  5  6  7  8  9 |
---------------+----------------------------+-----
Spellcasting   | 5 6 7 8 10 12 | 12.1
Conjurations   | 2 3 4 5 6 |  6.9
Fighting       | 1 2 3 |  3.6
Armour         | 1 3 |  3.0
Fire Magic     | 1 3 4 5 |  5.9
Dodging        | 3 |  3.0
Air Magic      | 1 |  1.0
Stealth        | 3 |  3.0
Poison Magic   | 1 |  1.0
Evocations     | 1 |  1.0
Summonings     | |  1.1
Translocations | |  1.1

Action                   |  1- 3 |  4- 6 |  7- 9 || total
-------------------------+-------+-------+-------++-------
Melee: Dagger            |     3 |    13 |       ||    16
       Hand axe          |       |     6 |    41 ||    47
       Trident           |       |       |    16 ||    16
 Cast: Magic Dart        |   107 |   177 |   314 ||   598
       Mephitic Cloud    |       |     8 |    26 ||    34
       Conjure Flame     |       |     3 |    17 ||    20
       Blink             |       |     2 |     7 ||     9
       Call Imp          |       |     4 |    10 ||    14
Evoke: Wand              |       |       |     6 ||     6
  Use: Scroll            |       |       |    11 ||    11
 Stab: Confused          |       |     3 |     5 ||     8
Armor: Robe              |     4 |     3 |       ||     7
       Leather armour    |       |    10 |    32 ||    42
Dodge: Dodged            |    14 |    41 |   105 ||   160
Block: Other             |       |    10 |    34 ||    44
       Reflection        |       |       |     1 ||     1
